 Dungeon Crawl Stone Soup version 0.28.0-53-g5a82cb258f (webtiles) character file.

Game seed: 4846778215782653347

863 cbfl8 the Chopper (level 7, 0/63 HPs)
             Began as a Minotaur Berserker on Aug 1, 2022.
             Was a Priest of Trog.
             Slain by a wyvern zombie (4 damage)
             ... in an ossuary.
             The game lasted 00:04:36 (3229 turns).

cbfl8 the Chopper (Minotaur Berserker)              Turns: 3229, Time: 00:04:38

Health: 0/63       AC:  9    Str: 21    XL:     7   Next: 72%
Magic:  6/6        EV: 13    Int:  4    God:    Trog [***...]
Gold:   183        SH:  0    Dex: 12    Spells: 6/6 levels left

rFire   . . .      SeeInvis .   a - +0 hand axe
rCold   . . .      Faith    .   (no shield)
rNeg    . . .      Spirit   .   m - +0 chain mail
rPois   .          Reflect  .   (helmet restricted)
rElec   .          Harm     .   (no cloak)
rCorr   .          Rampage  .   (no gloves)
Will    .....                   (no boots)
Stlth   ..........              i - amulet of the acrobat
HPRegen 0.20/turn               l - +4 ring of evasion
MPRegen 0.10/turn               (no ring)

@: on berserk cooldown, slowed, very slow
A: horns 2, retaliatory headbutt
a: Renounce Religion, Berserk, Trog's Hand


You were in an ossuary.
You worshipped Trog.
Trog was most pleased with you.
You visited 1 branch of the dungeon, and saw 4 of its levels.
You also visited: Ossuary.

You collected 183 gold pieces.

Inventory:

Hand Weapons
 a - a +0 hand axe (weapon)
Armour
 b - a +0 animal skin
 m - a +0 chain mail (worn)
Jewellery
 i - an amulet of the acrobat (around neck)
 l - a +4 ring of evasion (left hand)
Scrolls
 c - a scroll of holy word {unknown}
 d - a scroll of enchant weapon {unknown}
 e - 2 scrolls of teleportation {unknown}
 n - a scroll of blinking {unknown}
 o - a scroll of identify {unknown}
 p - a scroll of brand weapon {unknown}
Potions
 f - a potion of brilliance {unknown}
 g - a potion of berserk rage {unknown}
 h - a potion of flight {unknown}
 j - a potion of curing {unknown}
 k - 2 potions of degeneration {unknown}


   Skills:
 * Level 6.1 Fighting
 + Level 6.5 Axes
 + Level 4.5 Armour
 * Level 4.4 Dodging
 + Level 1.1 Stealth
 * Level 2.9 Evocations


You had 6 spell levels left.
You didn't know any spells.
Your spell library was empty.

Dungeon Overview and Level Annotations

Branches:
Dungeon (4/15)            Ossuary (1/1)
 Temple: D:4-7

Altars:

Shops:
D:2 [


Innate Abilities, Weirdness & Mutations

You have a pair of horns on your head.
You reflexively headbutt those who attack you in melee.


Message History

The bullfrog zombie is heavily damaged.
The bullfrog zombie barely misses you. You furiously retaliate!
You headbutt the bullfrog zombie.
The bullfrog zombie hits you but does no damage.
You hit the bullfrog zombie.
Your headbutt misses the bullfrog zombie.
The bullfrog zombie is severely damaged.
The bullfrog zombie completely misses you.
You furiously retaliate!
You headbutt the bullfrog zombie! You hit the bullfrog zombie.
You destroy the bullfrog zombie!
Trog accepts your kill.
You hit the wyvern zombie.
The wyvern zombie is lightly damaged.
The wyvern zombie closely misses you. The wyvern zombie bites you.
You hit the wyvern zombie.
The wyvern zombie is lightly damaged.
The wyvern zombie barely misses you. You furiously retaliate!
You headbutt the wyvern zombie!
The wyvern zombie bites you but does no damage.
You hit the wyvern zombie.
The wyvern zombie is severely damaged.
The wyvern zombie completely misses you.
The wyvern zombie misses you. You furiously retaliate!
You headbutt the wyvern zombie, but do no damage.
You barely miss the wyvern zombie.
The wyvern zombie is severely damaged.
The wyvern zombie bites you. x2
You hit the wyvern zombie but do no damage.
Your headbutt misses the wyvern zombie.
The wyvern zombie is severely damaged.
The wyvern zombie bites you!
* * * LOW HITPOINT WARNING * * *
The wyvern zombie completely misses you.
You hit the wyvern zombie. You headbutt the wyvern zombie.
The wyvern zombie is severely damaged.
The wyvern zombie bites you!
* * * LOW HITPOINT WARNING * * *
The wyvern zombie bites you.
You die...

## # #≈##≈≈
####≈≈≈≈## #
#.#.≈.≈P≈.
###'#'#'#≈≈.#'
#.'......≈≈≈.≈
###.##Z##'##'#
.'.#.@.# ###
#.∩.# #..∩#
#####


You could see a wyvern zombie.

Vanquished Creatures
  2 ogres (D:4)
  A phantom (D:4)
  A scorpion (D:4)
  A water moccasin zombie (Ossuary)
  3 centaur zombies
  A jelly (D:2)
  3 bullfrog zombies (Ossuary)
  9 mummies (Ossuary)
  4 gnolls (D:4)
  4 adders
  3 worms
  4 dart slugs (D:1)
  An orc (D:3)
  7 endoplasms
  3 giant cockroaches
  10 goblins
  11 hobgoblins
  6 kobolds
  3 quokkas
  6 ball pythons
  4 bats
  A frilled lizard (D:2)
  6 rats
94 creatures vanquished.

Vanquished Creatures (others)
  5 toadstools (D:1)
  3 withered plants (Ossuary)
8 creatures vanquished.

Grand Total: 102 creatures vanquished

Notes
Turn   | Place    | Note
-------+----------+-------------------------------------------
     0 | D:1      | cbfl8 the Minotaur Berserker began the quest for the Orb.
     0 | D:1      | Reached XP level 1. HP: 19/19 MP: 0/0
   275 | D:1      | Reached XP level 2. HP: 26/27 MP: 1/1
   571 | D:1      | Found a faded altar of an unknown god.
   581 | D:1      | Reached XP level 3. HP: 28/33 MP: 2/2
   993 | D:1      | Reached ** piety under Trog
  1088 | D:2      | Found Otuegeru's Armour Emporium.
  1483 | D:2      | Reached XP level 4. HP: 37/41 MP: 3/3
  1738 | D:2      | Reached skill level 1 in Evocations
  2215 | D:3      | Reached XP level 5. HP: 47/47 MP: 4/4
  2235 | D:3      | Reached *** piety under Trog
  2707 | D:4      | Reached skill level 5 in Fighting
  2707 | D:4      | Reached skill level 5 in Axes
  2755 | D:4      | Reached skill level 1 in Stealth
  2820 | D:4      | Noticed a phantom
  2829 | D:4      | Noticed an ogre
  2831 | D:4      | Killed a phantom
  2832 | D:4      | Reached XP level 6. HP: 48/56 MP: 5/5
  3012 | D:4      | Found a sand-covered staircase.
  3027 | D:4      | Reached XP level 7. HP: 30/61 MP: 6/6
  3028 | Ossuary  | Entered an ossuary
  3229 | Ossuary  | Slain by a wyvern zombie

Illustrated notes

Levels and vault maps discovered:
D:1:      ldierk_walled_garden, layout_loops_ring,
          hellmonk_ecumenical_altar_zigzags
D:2:      layout_basic, serial_shops, shop, minmay_heptomino_d4
D:3:      layout_basic, kennysheep_generic_room_15
D:4:      layout_basic, nicolae_ossuary_entry_monument, minmay_misc_feat_chi,
          hangedman_abyss_or_decor_passed, minmay_misc_feat_ornament,
          uniq_grinder, uniq_blork_the_orc
Ossuary:  ossuary_zaba_flooded

Skill      XL: |  1  2  3  4  5  6  7 |
---------------+----------------------+-----
Axes           | 4 5 6 |  6.5
Fighting       | 4 5 6 |  6.1
Evocations     | 1 2 |  2.9
Dodging        | 3 4 |  4.4
Stealth        | 1 |  1.1
Armour         | 3 4 |  4.5

Action                   |  1- 3 |  4- 6 |  7- 9 || total
-------------------------+-------+-------+-------++-------
Melee: Hand axe          |    71 |   111 |    53 ||   235
       Headbutt          |     5 |    15 |    12 ||    32
       Punch             |       |     1 |       ||     1
Invok: Berserk           |     1 |     2 |     2 ||     5
 Stab: Sleeping          |     1 |     2 |       ||     3
Armor: Animal skin       |    17 |     1 |       ||    18
       Chain mail        |       |    20 |    19 ||    39
Dodge: Dodged            |    45 |    74 |    45 ||   164
